 Dungeon Crawl Stone Soup version 0.28.0-53-g5a82cb258f (webtiles) character file.

Game seed: 10903229380033629284

4680 Stomo the Fighter (level 10, -5/91 HPs)
             Began as a Purple Draconian Monk on July 17, 2022.
             Was a Priest of Wu Jian.
             Killed from afar by an electric eel (10 damage)
             ... with a bolt of electricity
             ... on level 8 of the Dungeon.
             The game lasted 00:20:12 (12443 turns).

Stomo the Fighter (Purple Draconian Monk)          Turns: 12443, Time: 00:20:13

Health: -5/91      AC:  7    Str: 18    XL:     10   Next: 21%
Magic:  15/15      EV: 15    Int: 11    God:    Wu Jian [***...]
Gold:   503        SH:  0    Dex: 13    Spells: 5/15 levels left

rFire   + . .      SeeInvis .   o - +0 whip (elec)
rCold   . . .      Faith    .   (no shield)
rNeg    . . .      Spirit   .   (armour unavailable)
rPois   .          Reflect  .   (helmet restricted)
rElec   .          Harm     .   k - scarf {+Inv}
rCorr   +          Rampage  .   (no gloves)
Will    +....                   (no boots)
Stlth   ++........              d - amulet of magic regeneration
HPRegen 0.25/turn               x - ring of protection from fire
MPRegen 0.54/turn               w - ring of resist corrosion

@: no status effects
A: breathe power, AC +7, unfitting armour, cold-blooded
a: Breathe Dispelling Energy, Renounce Religion, Evoke Invisibility, Wall Jump,
Serpent's Lash


You were on level 8 of the Dungeon.
You worshipped Wu Jian.
Wu Jian was most pleased with you.
You visited 1 branch of the dungeon, and saw 9 of its levels.

You collected 503 gold pieces.

Inventory:

Hand Weapons
 a - a +0 mace
 o - a +0 whip of electrocution (weapon)
 r - a +0 flail of holy wrath
Missiles
 p - a throwing net (quivered)
Armour
 k - a scarf of invisibility (worn)
Jewellery
 d - an amulet of magic regeneration (around neck)
 w - a ring of resist corrosion (right hand)
 x - a ring of protection from fire (left hand)
Wands
 h - a wand of flame (11)
 s - a wand of iceblast (11)
 u - a wand of charming (20)
 B - a wand of digging (6)
Scrolls
 l - 3 scrolls of vulnerability
 n - a scroll of amnesia
 q - 4 scrolls of identify
 t - a scroll of enchant armour
 y - 2 scrolls of blinking
 A - a scroll of teleportation
Potions
 b - 4 potions of curing
 c - a potion of haste
 e - 5 potions of heal wounds
 f - 2 potions of cancellation {unknown}
 g - 3 potions of flight
 i - a potion of lignification {unknown}
 j - a potion of berserk rage {unknown}
 m - a potion of might
 v - a potion of degeneration {unknown}
 z - a potion of brilliance {unknown}


   Skills:
 + Level 9.5 Fighting
 + Level 8.7 Maces & Flails
 + Level 8.0 Dodging
 - Level 1.7 Stealth
 + Level 3.3 Spellcasting
 + Level 3.2 Hexes
 - Level 1.9 Air Magic


You had 5 spell levels left.
You knew the following spells:

 Your Spells              Type           Power      Damage    Failure   Level
a - Silence               Hex/Air        3%         N/A       94%         5
b - Summon Mana Viper     Hex/Summ       5%         N/A       98%         5

Your spell library contained the following spells:

 Spells                   Type           Power      Damage    Failure   Level
 Gell's Gravitas          Tloc           1%         N/A       58%         3
 Teleport Other           Tloc           1%         N/A       58%         3
 Passage of Golubria      Tloc           1%         N/A       94%         4
 Summon Ice Beast         Ice/Summ       1%         N/A       94%         4
 Dispersal                Tloc           0%         N/A       100%        6
 Monstrous Menagerie      Summ           0%         N/A       100%        7
 Lehudib's Crystal Spear  Conj/Erth      0%         10d2      100%        8


Dungeon Overview and Level Annotations

Branches:
Dungeon (9/15)             Temple (0/1) D:5
   Lair: D:8-11         Orc: D:9-12

Altars:
Dithmenos
Elyvilon
Fedhas
Kikubaaqudgha
Nemelex Xobeh
Qazlal
Trog
Wu Jian
Xom
Zin

Shops:
D:3 [![[


Innate Abilities, Weirdness & Mutations

You can breathe bolts of dispelling energy.
Your rich purple scales are hard. (AC +7)
You cannot fit into any form of body armour.
You are cold-blooded and may be slowed by cold attacks.


Message History

You enter the shallow water.
Moving in this stuff is going to be slow.
You enter the shallow water.
Moving in this stuff is going to be slow.
You enter the shallow water.
Moving in this stuff is going to be slow.
You enter the shallow water.
Moving in this stuff is going to be slow.
An electric eel is nearby!
The electric eel shoots out a bolt of lightning at you!
The bolt of electricity hits you!
The electric eel shoots out a bolt of lightning at you!
The bolt of electricity hits you!
The electric eel shoots out a bolt of lightning at you!
The bolt of electricity hits you!
The electric eel shoots out a bolt of lightning at you!
The bolt of electricity hits you!
The electric eel shoots out a bolt of lightning at you!
The bolt of electricity hits you!
The electric eel shoots out a bolt of lightning at you!
The bolt of electricity hits you!
The electric eel shoots out a bolt of lightning at you!
The bolt of electricity hits you!
* * * LOW HITPOINT WARNING * * *
The electric eel shoots out a bolt of lightning at you!
The bolt of electricity hits the plant!
The plant begins to die.
The bolt of electricity hits the plant!
The plant begins to die.
The bolt of electricity hits you!
* * * LOW HITPOINT WARNING * * *
The electric eel shoots out a bolt of lightning at you!
The bolt of electricity misses you.
The electric eel shoots out a bolt of lightning at you!
The bolt of electricity hits the plant!
The plant begins to die.
The bolt of electricity hits the plant.
The bolt of electricity hits you!
* * * LOW HITPOINT WARNING * * *
The electric eel shoots out a bolt of lightning at you!
The bolt of electricity hits the electric eel.
The electric eel completely resists.
The bolt of electricity hits the plant!
The bolt of electricity hits you!
You die...

.............# ##....#
............(# #.....#
.............# #.....#
...(.......### #.....#
#.##...).### ###.....##
##.####### ###........#
##.#########..........#
#....##..............#
#...))........@♣♣♣♣###
#..###)..≈≈≈≈≈≈≈≈♣♣♣
#..# #....≈≈≈≈P≈≈≈≈♣♣♣
#..# #...≈≈≈≈P≈≈≈≈P≈P♣♣
#<.# #...≈≈≈P≈≈≈≈≈≈≈≈≈♣
#.## #....P≈S≈≈≈≈≈≈≈≈P♣
###.#
#....≈≈≈≈≈≈≈≈≈≈≈≈♣
..#.#
##...≈≈S≈≈≈≈≈≈≈≈P♣
....# #...≈≈≈≈≈≈≈≈≈≈≈♣♣


You could see 2 electric eels.

Vanquished Creatures
  A two-headed ogre (D:9)
  Grinder (D:4)
  A wyvern (D:8)
  A yak (D:5)
  2 vampire mosquitoes
  Menkaure (D:7)
  Edmund (D:5)
  A water moccasin (D:8)
  2 orc warriors
  2 ice beasts
  A black bear (D:5)
  An ogre (D:4)
  3 centaurs
  Blork the orc (D:5)
  5 bullfrogs
  2 gnoll sergeants
  A wyvern zombie (D:9)
  3 scorpions
  2 water moccasin skeletons
  3 wights (D:7)
  2 howler monkeys
  3 electric eels
  3 centaur zombies (D:8)
  A bullfrog zombie (D:5)
  A gnoll shaman (D:8)
  A jelly (D:7)
  A bullfrog skeleton (D:5)
  2 orc priests
  2 centaur skeletons (D:5)
  7 hounds
  An iguana (D:6)
  Ijyb (D:4)
  8 orc wizards
  2 hound skeletons
  9 gnolls
  8 adders
  A shadow imp (D:5)
  A white imp (D:7)
  2 ufetubi
  3 worms
  A dart slug (D:4)
  20 orcs
  5 ball pythons
  9 endoplasms
  2 giant cockroaches (D:2)
  5 goblins
  6 hobgoblins
  6 jackals
  6 quokkas
  3 bats
  2 frilled lizards (D:2)
  8 kobolds
  2 rats (D:3)
169 creatures vanquished.

Vanquished Creatures (others)
  A fungus (D:4)
  33 plants
34 creatures vanquished.

Grand Total: 203 creatures vanquished

Notes
Turn   | Place    | Note
-------+----------+-------------------------------------------
     0 | D:1      | Stomo the Draconian Monk began the quest for the Orb.
     0 | D:1      | Reached XP level 1. HP: 19/19 MP: 1/1
   329 | D:1      | Reached XP level 2. HP: 26/26 MP: 2/2
   728 | D:2      | Reached XP level 3. HP: 33/33 MP: 3/3
   915 | D:2      | Found a faded altar of an unknown god.
  1000 | D:2      | Reached skill level 4 in Fighting
  1658 | D:3      | Found Qigikio's Distillery.
  1701 | D:3      | Found Rompus's Armour Shop.
  1737 | D:3      | Reached XP level 4. HP: 40/40 MP: 4/4
  1744 | D:3      | Found Cuxti Nuoq's Armour Boutique.
  2320 | D:3      | Reached XP level 5. HP: 46/47 MP: 5/5
  2379 | D:3      | Found Xeod's Armour Emporium.
  2473 | D:3      | Found a faded altar of an unknown god.
  2499 | D:3      | Found an ornate altar of the Wu Jian Council.
  2811 | D:3      | Became a worshipper of the Wu Jian Council
  2811 | D:3      | Reached * piety under Wu Jian
  2811 | D:3      | Reached ** piety under Wu Jian
  2932 | D:4      | Found a blossoming altar of Fedhas.
  3008 | D:4      | Found a shimmering altar of Xom.
  3021 | D:4      | Found a shimmering altar of Xom.
  3022 | D:4      | Found a shimmering altar of Xom.
  3022 | D:4      | Found a shimmering altar of Xom.
  3027 | D:4      | Found a shimmering altar of Xom.
  3128 | D:4      | Reached skill level 5 in Fighting
  3176 | D:4      | Reached XP level 6. HP: 20/56 MP: 6/6
  3545 | D:4      | Noticed Ijyb
  3561 | D:4      | Killed Ijyb
  4047 | D:5      | Entered Level 5 of the Dungeon
  4090 | D:5      | Found a staircase to the Ecumenical Temple.
  4284 | D:5      | Noticed Blork the orc
  4285 | D:5      | Reached skill level 5 in Maces & Flails
  4635 | D:5      | Noticed Grinder
  4635 | D:5      | Paralysed by Grinder for 7 turns
  4653 | D:4      | Paralysed by Grinder for 5 turns
  4672 | D:4      | HP: 2/56 [poisoned by a scorpion]
  5420 | D:4      | Paralysed by Grinder for 7 turns
  5472 | D:4      | Paralysed by Grinder for 4 turns
  5483 | D:4      | Killed Grinder
  5484 | D:4      | Reached skill level 6 in Fighting
  5484 | D:4      | Reached skill level 5 in Dodging
  5484 | D:4      | Your scales start taking on a rich purple colour.
  5484 | D:4      | Reached XP level 7. HP: 54/63 MP: 7/7
  5636 | D:5      | Killed Blork the orc
  5792 | D:5      | Noticed a yak
  5994 | D:5      | Reached XP level 8. HP: 43/71 MP: 8/8
  6010 | D:5      | Reached skill level 7 in Fighting
  6528 | D:5      | Found the +8 autumn katana {vorpal, manifold assault}
  6640 | D:5      | Noticed Edmund
  6656 | D:5      | Killed Edmund
  6902 | D:6      | Reached skill level 8 in Fighting
  7132 | D:6      | Reached XP level 9. HP: 46/81 MP: 9/9
  7492 | D:6      | Found a shadowy altar of Dithmenos.
  7599 | D:6      | Reached *** piety under Wu Jian
  7921 | D:6      | HP: 4/82 [electric eel/bolt of electricity (14)]
  9217 | D:7      | Noticed Menkaure
  9223 | D:7      | Killed Menkaure
  9226 | D:7      | Found a stormy altar of Qazlal.
  9436 | D:7      | Learned a level 5 spell: Silence
  9549 | D:8      | Reached skill level 9 in Fighting
  9549 | D:8      | Reached skill level 1 in Spellcasting
  9655 | D:8      | Reached skill level 1 in Hexes
  9655 | D:8      | Reached skill level 1 in Air Magic
  9655 | D:8      | Found a white marble altar of Elyvilon.
  9940 | D:8      | Found a glowing silver altar of Zin.
  9944 | D:8      | Found a bloodstained altar of Trog.
  9973 | D:8      | Found an ancient bone altar of Kikubaaqudgha.
 10681 | D:7      | Learned a level 5 spell: Summon Mana Viper
 10834 | D:8      | Found a sparkling altar of Nemelex Xobeh.
 11076 | D:7      | Reached XP level 10. HP: 44/91 MP: 12/14
 11806 | D:9      | Noticed a two-headed ogre
 11828 | D:9      | Killed a two-headed ogre
 12443 | D:8      | Killed from afar by an electric eel

Illustrated notes

Levels and vault maps discovered:
D:1:      dpeg_arrival_connections, layout_rooms, st_stairs_7
D:2:      layout_rooms, hellmonk_ecumenical_altar_run_dry
D:3:      layout_loops_ring, nicolae_overflow_ecumenical_swirl, serial_shops,
          shop, nicolae_square_shop, shop_statue, nicolae_lakefront_shop
D:4:      layout_gridville, xom_redecorated, fedhas_altar_3, uniq_ijyb
D:5:      minmay_clustersquares, layout_rooms, minmay_temple_entry_ruins,
          minmay_misc_feat_five, uniq_grinder, uniq_blork_the_orc, uniq_edmund
D:6:      layout_basic, grunt_dithmenos_smoke, serial_bayou,
          serial_bayou_pond_d, serial_bayou_shore_b, serial_bayou_pond_c,
          serial_bayou_lake_a, serial_bayou_pond_b, serial_bayou_shore_b
D:7:      layout_loops_cross, marbit_many_paths, uniq_menkaure
D:8:      layout_cave_pods, mainiacjoe_overflow_tiny_flanked,
          nemelex_xobeh_ov_fountains_minmay, minitemple,
          nicolae_elyvilon_peaceful_grove, serial_bayou, serial_bayou_shore_a,
          serial_bayou_pond_b, serial_bayou_crossing, serial_bayou_lagoon_a
D:9:      layout_basic, nicolae_overflow_crystal_walls, lair_entry_dummy,
          minmay_the_grid_2x2 [minmay_the_grid_outer_diamond,
          minmay_the_grid_zigzag_pyramid, minmay_the_grid_expand,
          minmay_the_grid_prize_trominoes]

Skill      XL: |  1  2  3  4  5  6  7  8  9 10 |
---------------+-------------------------------+-----
Dodging        | 3 4 5 6 7 8 |  8.0
Fighting       | 4 5 6 8 9 |  9.5
Maces & Flails | 4 5 6 7 8 |  8.7
Spellcasting   | 2 3 |  3.3
Hexes          | 2 3 |  3.2
Air Magic      | 1 |  1.9
Stealth        | |  1.7

Action                   |  1- 3 |  4- 6 |  7- 9 | 10-12 || total
-------------------------+-------+-------+-------+-------++-------
Melee: Mace              |   104 |   164 |       |       ||   268
       Punch             |     1 |     2 |     3 |       ||     6
       Tailslap          |     9 |    22 |    72 |     8 ||   111
       Whip              |       |    68 |   390 |    41 ||   499
       Flail             |       |       |    54 |       ||    54
Invok: Whirlwind         |       |    10 |    16 |       ||    26
       Lunge             |       |    11 |    24 |     1 ||    36
       Serpent's Lash    |       |       |       |     1 ||     1
 Abil: Breathe Dispellin |       |       |    19 |     3 ||    22
  Use: Scroll            |     8 |     7 |     1 |       ||    16
       Potion            |       |     3 |       |       ||     3
 Stab: Sleeping          |     6 |     4 |       |       ||    10
Armor: Skin              |    27 |    57 |    96 |     2 ||   182
Dodge: Dodged            |    63 |   158 |   288 |    16 ||   525
